[Event "Team 45 45 League T53"]
[Site "Internet Chess Club"]
[Date "2012.05.28"]
[Round "2"]
[White "mongmong"]
[Black "nosir"]
[Result "1-0"]
[WhiteElo "1660"]
[BlackElo "1492"]
[Opening "Queen's pawn game"]
[ECO "D04"]
[Time "20:18:39"]
[TimeControl "2700+45"]

1. d4 d5 2. Nf3 Nf6 3. e3 Bg4 4. c4 e6 5. Nc3 c6 6. h3 Bxf3 7. Qxf3 Be7 8. Bd3
Nbd7 9. O-O Qc7 10. e4 dxe4 11. Nxe4 O-O 12. Bf4 Qd8 13. Rad1 Nxe4 14. Qxe4 Nf6
15. Qe2 Bd6 16. Bg5 Re8 17. a3 h6 18. Bh4 Be7 19. Rfe1 Kh8 20. Bc2 Ng8 21. Bxe7
Nxe7 22. Qe4 Ng6 23. d5 exd5 24. Qxe8+ Qxe8 25. Rxe8+ Rxe8 26. cxd5 Rd8 27. dxc6
Rxd1+ 28. Bxd1 bxc6 29. Kf1 Ne5 30. a4 Kg8 31. Ke2 Kf8 32. f4 Nc4 33. b3 Nd6 34.
Kd3 c5 35. g4 Ke7 36. Bf3 Ke6 37. Kc3 Kd7 38. b4 cxb4+ 39. Kxb4 Kc7 40. Kc5 f6
41. Bd5 f5 42. Bf3 fxg4 43. hxg4 Nf7 44. Bd5 Nd6 45. f5 Nc8 46. a5 Ne7 47. Be4
Nc8 48. Kd5 Kd7 49. Ke5 Ke7 50. Bb7 Nd6 51. Bd5 Ne8 52. Kd4 Nf6 53. Bf3 Kd6 54.
Kc4 Nd7 55. Kb5 Nb8 56. Kc4 Kd7 57. Kc5 Kc7 58. Kd5 Kd7 59. Ke5 Ke7 60. Bb7 Kd7
61. f6 g6 62. Be4 g5 63. Kf5 Kd6 64. Kg6 Nd7 65. f7 Ne5+ 66. Kxh6 Nxf7+ 67. Kg6
Ke7 68. Bd5 Nd8 69. Kxg5 Kd6 70. Bg2 a6 71. Kf6 Ne6 72. Bf1 Nf4 73. Bxa6 Nd5+
74. Kg6 Ne7+ 75. Kh5 Kc5 76. Be2 Nd5 77. Kg5 Kd6 78. a6 {Black resigns} 1-0

[Event "Team 45 45 League T53"]
[Site "Internet Chess Club"]
[Date "2012.05.28"]
[Round "2"]
[White "SirIvanhoe"]
[Black "Conjurer"]
[Result "1/2-1/2"]
[WhiteElo "1483"]
[BlackElo "1477"]
[Opening "Sicilian: closed"]
[ECO "B24"]
[Time "19:00:33"]
[TimeControl "2700+45"]

1. e4 c5 2. Nc3 Nc6 3. g3 g6 4. Bg2 e5 5. d3 Nge7 6. f4 Bg7 7. fxe5 Nxe5 8. Nf3
O-O 9. O-O d6 10. Nxe5 Bxe5 11. Kh1 Be6 12. Bh6 Re8 13. Qf3 Qd7 14. Bh3 f6 15.
Bg2 Bg4 16. Qf2 b5 17. Rab1 b4 18. Ne2 Qa4 19. Nc1 Bd4 20. Qf4 Qxc2 21. Qxg4
Qxb1 22. Qe6+ Kh8 23. Qf7 f5 24. exf5 Nxf5 25. Bxa8 Rxa8 26. Bg5 Qxb2 27. g4 Ne3
28. Bxe3 Bxe3 29. Nb3 Qe2 30. Qf6+ Kg8 31. Qf7+ Kh8 32. Qf6+ Kg8 {Game drawn by
mutual agreement} 1/2-1/2

[Event "Team 45 45 League T53"]
[Site "Internet Chess Club"]
[Date "2012.05.27"]
[Round "2"]
[White "seattleblues"]
[Black "drsigmund1"]
[Result "0-1"]
[WhiteElo "1364"]
[BlackElo "1528"]
[Opening "Ruy Lopez: Anderssen variation"]
[ECO "C77"]
[Time "21:00:22"]
[TimeControl "2700+45"]

1. e4 e5 2. Nf3 Nc6 3. Bb5 a6 4. Ba4 Nf6 5. d3 b5 6. Bb3 Bc5 7. O-O d6 8. h3 O-O
9. a4 Rb8 10. axb5 axb5 11. Bg5 h6 12. Bh4 Qe7 13. Nc3 g5 14. Bg3 Be6 15. Nd5
Qd8 16. c3 Nh5 17. Bh2 Ne7 18. Nxg5 hxg5 19. Qxh5 Nxd5 20. exd5 Bf5 21. Qd1 Qf6
22. Kh1 Kg7 23. Bg1 Qg6 24. Bc2 Rh8 25. Qf3 g4 26. Qg3 gxh3 27. Qxg6+ fxg6 28.
g3 Bd7 29. b4 Bb6 30. Rae1 c6 31. Re4 cxd5 32. Rg4 Bxg4 {White resigns} 0-1

[Event "Team 45 45 League T53"]
[Site "Internet Chess Club"]
[Date "2012.05.29"]
[Round "2"]
[White "lawth3"]
[Black "sockmonkey"]
[Result "0-1"]
[WhiteElo "1270"]
[BlackElo "1402"]
[Opening "QGD semi-Slav"]
[ECO "D43"]
[Time "11:59:04"]
[TimeControl "2700+45"]

1. d4 Nf6 2. c4 e6 3. Nf3 d5 4. Nc3 c6 5. Bf4 dxc4 6. e3 b5 7. Be2 Bb7 8. O-O
Nbd7 9. a4 a6 10. Qc2 Be7 11. Ne4 Nxe4 12. Qxe4 Nf6 13. Qc2 O-O 14. Rad1 Nh5 15.
Be5 f6 16. Bf4 Nxf4 17. exf4 Qc7 18. g3 Rfd8 19. f5 e5 20. dxe5 Rxd1 21. Bxd1
fxe5 22. Re1 Bf6 23. g4 Qe7 24. Qe2 Re8 25. g5 Bxg5 26. Qxe5 Qxe5 27. Nxe5 Bf4
28. Nf3 Rxe1+ 29. Nxe1 c5 30. axb5 axb5 31. Bf3 Bxf3 32. Nxf3 Kf7 33. Kf1 Kf6
34. Ke1 b4 35. Kd1 Kxf5 36. h3 Ke4 37. Ne1 g5 38. Ng2 Be5 39. Ne3 Kd3 40. Nd5 b3
41. Kc1 c3 42. Nxc3 Bxc3 43. bxc3 Kxc3 44. Kb1 c4 45. f3 Kd2 46. h4 gxh4 47. f4
h3 48. Kb2 c3+ 49. Ka3 c2 50. f5 c1=Q+ 51. Kb4 Qc3+ 52. Ka3 b2+ 53. Ka4 b1=Q 54.
f6 Qca1# {White checkmated} 0-1

[Event "Team 45 45 League T53"]
[Site "Internet Chess Club"]
[Date "2012.05.28"]
[Round "2"]
[White "whitetiger"]
[Black "SlimeDog2"]
[Result "0-1"]
[WhiteElo "1847"]
[BlackElo "2133"]
[Opening "Giuoco Piano"]
[ECO "C54"]
[Time "00:22:51"]
[TimeControl "2700+45"]

1. e4 e5 2. Nf3 Nc6 3. Bc4 Bc5 4. c3 Nf6 5. d4 exd4 6. cxd4 Bb4+ 7. Bd2 Bxd2+ 8.
Nbxd2 d5 9. exd5 Nxd5 10. O-O O-O 11. Rc1 Nb6 12. Nb3 Nxc4 13. Rxc4 Be6 14. Rc3
Bd5 15. Ne5 Bxb3 16. Nxc6 Bxd1 17. Nxd8 Be2 18. Re1 Ba6 19. Nxb7 Bxb7 20. Rxc7
Bd5 21. a3 Be6 22. h3 Rfd8 23. Rd1 a5 24. Rc5 Bb3 25. Rd3 a4 26. f3 Kf8 27. Kf2
Ra7 28. Rh5 h6 29. Re5 Rc7 30. Rd2 f6 31. Re4 Rdc8 32. Kg3 Rc2 33. Rd3 Rxb2 34.
Rde3 Rcc2 35. Re8+ Kf7 36. R3e7+ Kg6 37. Rd8 Rxg2+ 38. Kh4 Rbf2 39. Rdd7 Kf5 40.
Ra7 Rxf3 41. Ra5+ Kf4 {White resigns} 0-1

[Event "Team 45 45 League T53"]
[Site "Internet Chess Club"]
[Date "2012.05.28"]
[Round "2"]
[White "katikus"]
[Black "JimGrange"]
[Result "1-0"]
[WhiteElo "1823"]
[BlackElo "1817"]
[Opening "Sicilian: Alapin's variation (2.c3)"]
[ECO "B22"]
[Time "09:00:35"]
[TimeControl "2700+45"]

1. e4 c5 2. c3 d5 3. exd5 Qxd5 4. d4 Nf6 5. Nf3 Bg4 6. dxc5 Qxc5 7. Be3 Qc7 8.
Na3 a6 9. Qa4+ Nbd7 10. O-O-O Rc8 11. Be2 e6 12. Rhe1 Be7 13. h3 Bh5 14. Bf4 Qc5
15. g4 Bg6 16. Ne5 Rd8 17. Bf3 Qc8 18. Nc2 O-O 19. Nxg6 hxg6 20. Nd4 Nc5 21. Qc2
Nd5 22. Bg3 b5 23. Kb1 Bd6 24. Bxd5 Bxg3 25. Bxe6 Nxe6 26. Nxe6 Rxd1+ 27. Qxd1
Re8 28. Nxg7 Rd8 29. Qxd8+ Qxd8 30. Re8+ Qxe8 31. Nxe8 Be5 32. g5 f5 33. Nf6+
Bxf6 34. gxf6 Kf7 35. f4 Kxf6 36. h4 Ke6 37. Kc2 Kd5 38. Kd3 a5 39. b4 a4 40. a3
Kc6 41. Kd4 Kd6 42. c4 bxc4 43. Kxc4 Kc6 44. b5+ Kb6 45. Kb4 {Black resigns} 1-0

[Event "Team 45 45 League T53"]
[Site "Internet Chess Club"]
[Date "2012.05.28"]
[Round "2"]
[White "CzwartyWymiar"]
[Black "plutonas"]
[Result "0-1"]
[WhiteElo "1669"]
[BlackElo "1583"]
[Opening "Queen's pawn game"]
[ECO "A45"]
[Time "14:31:22"]
[TimeControl "2700+45"]

1. d4 Nf6 2. e4 Nxe4 3. Nc3 Nxc3 4. bxc3 e6 5. Bd3 d5 6. Nf3 c5 7. Ng5 cxd4 8.
O-O dxc3 9. Re1 Bc5 10. Qh5 g6 11. Qh6 Bf8 12. Qh4 Bg7 13. Qg3 O-O 14. h4 h6 15.
Nxf7 Rxf7 16. Qxg6 Qf6 17. Qh7+ Kf8 18. Ba3+ Ke8 19. Qg8+ Kd7 20. Re2 Nc6 21.
Bb5 a6 22. Bxc6+ bxc6 23. Rb1 Kc7 24. Bc5 Bb7 25. Bb6+ Kd7 26. Qh7 Qf5 27. Qxf5
Rxf5 28. Bd4 Bxd4 29. Rxb7+ Kd6 30. Rh7 Rf6 {White resigns} 0-1

[Event "Team 45 45 League T53"]
[Site "Internet Chess Club"]
[Date "2012.05.29"]
[Round "2"]
[White "Warpdrive"]
[Black "Whalen"]
[Result "1-0"]
[WhiteElo "1618"]
[BlackElo "1665"]
[Opening "Sicilian: Najdorf, 6.Bg5"]
[ECO "B94"]
[Time "15:00:09"]
[TimeControl "2700+45"]

1. e4 c5 2. Nf3 d6 3. d4 cxd4 4. Nxd4 Nf6 5. Nc3 a6 6. Bg5 Nbd7 7. Be2 e6 8. O-O
Be7 9. Qd3 Nc5 10. Qf3 Ncxe4 11. Nxe4 Nxe4 12. Bxe7 Nd2 13. Bxd8 Nxf3+ 14. Nxf3
Kxd8 15. Rad1 Ke7 16. Rfe1 Bd7 17. Rd2 Bc6 18. Red1 Rhd8 19. Nd4 Be8 20. Bf3
Rab8 21. Nb3 b6 22. Nd4 d5 23. Re1 Kf8 24. Be2 b5 25. f4 Rb6 26. Bf3 Bd7 27. g4
g6 28. Kf2 Re8 29. Rde2 Bc8 30. f5 gxf5 31. gxf5 Rb7 32. fxe6 fxe6 33. Nxe6+ Kg8
34. Bxd5 Kh8 35. Nf4 Rxe2+ 36. Rxe2 {Black resigns} 1-0

[Event "Team 45 45 League T53"]
[Site "Internet Chess Club"]
[Date "2012.05.24"]
[Round "2"]
[White "charles-allen"]
[Black "CaoCao"]
[Result "1/2-1/2"]
[WhiteElo "1889"]
[BlackElo "1866"]
[Opening "Four knights: Scotch, 4...exd4"]
[ECO "C47"]
[Time "13:07:55"]
[TimeControl "2700+45"]

1. e4 e5 2. Nc3 Nc6 3. Nf3 Nf6 4. d4 exd4 5. Nxd4 Bb4 6. Nxc6 bxc6 7. Qd4 Qe7 8.
f3 c5 9. Qe3 O-O 10. Bc4 Bxc3+ 11. Qxc3 d5 12. Be2 dxe4 13. O-O Nd5 14. Qc4 Nb4
15. Qc3 Nd5 16. Qb3 Be6 17. fxe4 Nf4 18. Qf3 Nxe2+ 19. Qxe2 Bd5 20. e5 Rfe8 21.
c4 Bb7 22. Bf4 Rad8 23. Qf2 Rd4 24. b3 Qe6 25. Rad1 Red8 26. Rd2 Rxd2 27. Bxd2
Rd4 28. Bc3 Rg4 29. g3 Rg6 30. Rd1 h5 31. Rd3 Qc6 32. Kf1 Qh1+ 33. Ke2 Be4 34.
Rd1 Qg2 35. Qxg2 Bxg2 36. Rd8+ Kh7 37. Rd7 Bh3 38. Rxf7 h4 39. Kf2 hxg3+ 40.
hxg3 Rc6 41. Rf4 Be6 42. Ke3 Kg6 43. Ke4 Ra6 44. Rf2 Rc6 45. Ba5 Kg5 46. Bd2+
Kg6 47. Be3 a5 48. Rf8 a4 49. Rf2 axb3 50. axb3 Rb6 51. Bxc5 Rxb3 52. Rf3 Rxf3
53. Kxf3 Bxc4 54. Kf4 {Game drawn by mutual agreement} 1/2-1/2

[Event "Team 45 45 League T53"]
[Site "Internet Chess Club"]
[Date "2012.05.27"]
[Round "2"]
[White "hewdondada"]
[Black "Inquisiteur"]
[Result "1/2-1/2"]
[WhiteElo "1819"]
[BlackElo "1720"]
[Opening "Trompowsky attack (Ruth, Opocenský opening)"]
[ECO "A45"]
[Time "18:06:19"]
[TimeControl "2700+45"]

1. d4 Nf6 2. Bg5 c5 3. Bxf6 gxf6 4. d5 Qb6 5. Qc1 f5 6. c4 Bg7 7. Nc3 d6 8. Nf3
Nd7 9. e3 Ne5 10. Be2 Bd7 11. Qc2 h5 12. Rb1 h4 13. h3 O-O-O 14. a3 a5 15. b4
Nxf3+ 16. Bxf3 axb4 17. axb4 cxb4 18. Na2 Qc5 19. Rxb4 Kc7 20. O-O Ra8 21. Rfb1
Ra7 22. Nc3 Bxc3 23. Qxc3 Rh7 24. Qb2 Bc8 25. e4 fxe4 26. Bg4 f5 27. Be2 Kd8 28.
Rb5 Qc7 29. Qd4 Ra5 30. R5b4 Rc5 31. Bd1 Ke8 32. Ba4+ Kf7 33. Bc2 Rg7 34. Bd1
Kf8 35. Be2 Qa5 36. Qe3 Qa2 37. R4b2 Qa4 38. f3 exf3 39. Qxf3 b5 40. Rxb5 Rxb5
41. Rxb5 Qa1+ 42. Bf1 Qd4+ 43. Kh1 Bd7 44. Rb8+ Kf7 45. Qh5+ Rg6 46. Rh8 Qf6 47.
Be2 e6 48. Qh7+ Rg7 49. Qh5+ Ke7 50. dxe6 Kxe6 51. Bf3 Qa1+ 52. Bd1 Qd4 53. Qe2+
Kf6 54. Rh6+ Rg6 55. Rh7 Be6 56. Rc7 Rg3 57. Qh5 Ke5 58. Qh8+ Ke4 59. Qxh4+ f4
60. Qh7+ Ke5 61. Qh8+ Ke4 62. Bc2+ Ke3 63. Qxd4+ Kxd4 64. h4 Bxc4 65. Bd1 Bd5
66. Rc2 Rh3+ 67. Kg1 Rxh4 68. Kf2 Rh6 69. Rd2+ Ke5 70. Re2+ Be4 71. Rb2 d5 72.
Bf3 Rd6 73. Rb4 Rd7 74. Ke2 Rg7 75. Kf2 Bxf3 76. gxf3 Rc7 77. Ke2 Rc2+ 78. Ke1
Rc4 79. Rb8 Kd4 80. Kd2 Ra4 81. Rb2 Ra3 82. Ke2 Re3+ 83. Kf2 Kd3 84. Rb3+ Kd2
85. Rb2+ {Game drawn by mutual agreement} 1/2-1/2

[Event "Team 45 45 League T53"]
[Site "Internet Chess Club"]
[Date "2012.05.25"]
[Round "2"]
[White "j65536d"]
[Black "RamRock"]
[Result "1-0"]
[WhiteElo "1816"]
[BlackElo "1745"]
[Opening "Caro-Kann: advance variation"]
[ECO "B12"]
[Time "20:03:44"]
[TimeControl "2700+45"]

1. e4 c6 2. d4 d5 3. e5 Bf5 4. g4 Bd7 5. f4 e6 6. Nf3 c5 7. c3 Be7 8. Bd3 Bh4+
9. Kf1 Be7 10. Be3 Qb6 11. b3 Bb5 12. c4 Bc6 13. Nc3 cxd4 14. Bxd4 Bc5 15. Bxc5
Qxc5 16. Rc1 Ne7 17. h4 Qe3 18. cxd5 Nxd5 19. Nxd5 exd5 20. Rh2 Qxf4 21. Rf2 O-O
22. Bxh7+ Kh8 23. Bb1 Qxg4 24. Qd3 Qe4 25. Qd2 Bb5+ 26. Kg1 Qg4+ 27. Kh2 Nd7 28.
Rg1 Qe6 29. a4 Nxe5 30. Qg5 Nxf3+ 31. Rxf3 Qh6 32. Qxh6+ gxh6 33. axb5 Rad8 34.
Rf6 {Black resigns} 1-0

[Event "Team 45 45 League T53"]
[Site "Internet Chess Club"]
[Date "2012.05.26"]
[Round "2"]
[White "ElMarginal"]
[Black "BraafPaard"]
[Result "1/2-1/2"]
[WhiteElo "1504"]
[BlackElo "1529"]
[Opening "QGD: Tarrasch, von Hennig-Schara gambit"]
[ECO "D32"]
[Time "19:00:44"]
[TimeControl "2700+45"]

1. d4 d5 2. c4 e6 3. Nc3 c5 4. cxd5 cxd4 5. Qxd4 Nc6 6. Qc4 exd5 7. Qxd5 Bd7 8.
Nf3 Nf6 9. Qd1 Bb4 10. Bd2 O-O 11. e3 Qc7 12. Be2 Rad8 13. Qc2 a6 14. O-O Bd6
15. e4 h6 16. Nd5 Nxd5 17. exd5 Ne5 18. Qxc7 Nxf3+ 19. Bxf3 Bxc7 20. Rac1 Bd6
21. Rfe1 Rfe8 22. Be4 f5 23. Bd3 Rxe1+ 24. Rxe1 Rc8 25. b4 b5 26. g3 Kf7 27. Kg2
Re8 28. Rxe8 Kxe8 29. Kf3 Kf7 30. Bc3 h5 31. Ke3 g6 32. f4 Ke8 33. a3 Kf7 34.
Bd4 Ke8 35. h3 Kf7 36. h4 Ke8 37. Kf2 Kf7 38. Kf3 Ke8 39. Ke3 Kf7 40. Kd2 Ke8
41. Be5 Ke7 42. Be2 Be8 43. Bf3 Bd7 44. Kd3 Be8 45. Bd4 Bd7 46. Kd2 Kf7 47. Bc5
Ke7 48. Be3 Kf7 49. Kc2 Ke8 50. Bc5 Ke7 51. Kd3 Be8 52. Kc3 Bd7 53. Kd2 Be8 54.
Bd4 Kf7 55. Be5 Ke7 56. Kd3 Bd7 57. Bd4 Be8 58. Kc3 Bd7 59. Bc5 Be8 60. Be2 Bd7
61. Bd4 Be8 62. Bd1 Bd7 63. Bf3 Be8 64. Kc2 Bd7 65. Kd3 Be8 66. Bb6 Bd7 67. Kd4
Be8 68. Bc5 Bd7 {Game drawn by mutual agreement} 1/2-1/2

[Event "Team 45 45 League T53"]
[Site "Internet Chess Club"]
[Date "2012.05.28"]
[Round "2"]
[White "playwaycool"]
[Black "BigH"]
[Result "0-1"]
[WhiteElo "2058"]
[BlackElo "2157"]
[Opening "Trompowsky attack (Ruth, Opocenský opening)"]
[ECO "A45"]
[Time "14:01:31"]
[TimeControl "2700+45"]

1. d4 Nf6 2. Bg5 Ne4 3. Bf4 c5 4. f3 Nf6 5. dxc5 b6 6. e4 bxc5 7. Nc3 Nc6 8. Nd5
d6 9. Nxf6+ gxf6 10. Ne2 Rb8 11. b3 f5 12. exf5 Bg7 13. c3 Bxf5 14. Qd2 Nb4 15.
Ng3 Nc2+ 16. Kf2 Bg6 17. Rc1 Na3 18. h4 c4 19. h5 Bb1 20. Bxc4 Qa5 21. Be2 Rc8
22. c4 Qxd2 23. Bxd2 Bxa2 24. Ra1 Bd4+ 25. Be3 Bxe3+ 26. Kxe3 Nc2+ 27. Kd2 Nxa1
28. Rxa1 Bxb3 29. Kc3 Bxc4 30. Bxc4 d5 31. Rxa7 e6 32. h6 Rg8 33. Nh5 Rg6 34.
Kd4 dxc4 35. Ra2 Rxh6 36. g4 f5 37. Ke5 c3 38. Rc2 fxg4 39. fxg4 Rg6 40. Nf4
Rg5+ 41. Kxe6 Rc6# {White checkmated} 0-1

[Event "Team 45 45 League T53"]
[Site "Internet Chess Club"]
[Date "2012.05.27"]
[Round "2"]
[White "Greedy-Reedy"]
[Black "Yosemite-Sam"]
[Result "1/2-1/2"]
[WhiteElo "2023"]
[BlackElo "1897"]
[Opening "Caro-Kann: classical variation"]
[ECO "B18"]
[Time "12:01:49"]
[TimeControl "2700+45"]

1. e4 c6 2. d4 d5 3. Nc3 dxe4 4. Nxe4 Bf5 5. Ng3 Bg6 6. Bc4 e6 7. N1e2 Nf6 8.
Nf4 Bd6 9. c3 Qc7 10. Qf3 Nbd7 11. O-O O-O 12. Nxg6 hxg6 13. Re1 Rae8 14. Bg5 e5
15. Qd3 exd4 16. cxd4 Nd5 17. Rac1 N7b6 18. Bb3 Bb4 19. Rxe8 Rxe8 20. a3 Bd6 21.
h4 Bf4 22. Rd1 Bxg5 23. hxg5 Qf4 24. Qd2 Qxd2 {Game drawn by mutual agreement}
1/2-1/2

[Event "Team 45 45 League T53"]
[Site "Internet Chess Club"]
[Date "2012.05.26"]
[Round "2"]
[White "McKnights"]
[Black "Nakke"]
[Result "1-0"]
[WhiteElo "1754"]
[BlackElo "1953"]
[Opening "Caro-Kann: exchange variation"]
[ECO "B13"]
[Time "13:03:10"]
[TimeControl "2700+45"]

1. e4 c6 2. d4 d5 3. exd5 cxd5 4. Nf3 Nc6 5. Bb5 Nf6 6. O-O Bg4 7. Bg5 Ne4 8.
Bf4 e6 9. Qd3 Bf5 10. Ne5 Rc8 11. Re1 Nxf2 12. Qxf5 exf5 13. Nxc6+ Ne4 14. Nxd8+
Kxd8 15. c3 g5 16. Bc1 Bd6 17. Nd2 Rg8 18. Nf3 f6 19. Ba4 Ke7 20. Bb3 Ke6 21.
Nd2 b5 22. Nxe4 fxe4 23. Rxe4+ Kf5 24. Re1 Rge8 25. Bd2 {Black resigns} 1-0

[Event "Team 45 45 League T53"]
[Site "Internet Chess Club"]
[Date "2012.05.29"]
[Round "2"]
[White "zap2"]
[Black "badmove"]
[Result "1-0"]
[WhiteElo "1805"]
[BlackElo "1771"]
[Opening "Réti: King's Indian attack"]
[ECO "A08"]
[Time "05:01:41"]
[TimeControl "2700+45"]

1. Nf3 d5 2. g3 c5 3. Bg2 Nc6 4. O-O e5 5. d3 Nf6 6. Nbd2 Be7 7. e4 d4 8. Nc4
Qc7 9. a4 Bg4 10. h3 Be6 11. b3 h6 12. Nh4 Qd7 13. Kh2 g5 14. Nf5 Bxf5 15. exf5
Qxf5 16. Qe2 O-O-O 17. Bxc6 bxc6 18. Qxe5 Qe6 19. Qxe6+ fxe6 20. Ne5 Rh7 21.
Nxc6 Rd7 22. Re1 Nd5 23. Rxe6 Rf7 24. Kg2 Rf6 25. Nxe7+ {Black resigns} 1-0

[Event "Team 45 45 League T53"]
[Site "Internet Chess Club"]
[Date "2012.05.29"]
[Round "2"]
[White "eurander"]
[Black "imawesome"]
[Result "1-0"]
[WhiteElo "2125"]
[BlackElo "1770"]
[Opening "Sicilian: Alapin's variation (2.c3)"]
[ECO "B22"]
[Time "19:01:25"]
[TimeControl "2700+45"]

1. e4 c5 2. c3 g6 3. d4 cxd4 4. cxd4 d5 5. exd5 Nf6 6. Qa4+ Nbd7 7. Nc3 Bg7 8.
g3 O-O 9. Bg2 Nb6 10. Qb3 Bf5 11. Nge2 Qd7 {Black disconnected and forfeits} 1-0

[Event "Team 45 45 League T53"]
[Site "Internet Chess Club"]
[Date "2012.05.30"]
[Round "2"]
[White "ryan2chess"]
[Black "chess92192"]
[Result "0-1"]
[WhiteElo "1819"]
[BlackElo "2016"]
[Opening "Caro-Kann: classical, Spassky variation"]
[ECO "B18"]
[Time "18:30:14"]
[TimeControl "2700+45"]

1. e4 c6 2. d4 d5 3. Nc3 dxe4 4. Nxe4 Bf5 5. Ng3 Bg6 6. Nf3 Nd7 7. h4 h6 8. h5
Bh7 9. Bd3 Bxd3 10. Qxd3 e6 11. Bd2 Ngf6 12. O-O-O Qc7 13. Ne4 Nxe4 14. Qxe4 Nf6
15. Qe2 Bd6 16. Kb1 O-O-O 17. c3 Rhe8 18. Bc1 e5 19. dxe5 Bxe5 20. Rxd8+ Kxd8
21. Qd3+ Qd7 22. Qc2 Qg4 23. Rd1+ Kc8 24. Qb3 Qxh5 25. Nxe5 Rxe5 26. Bf4 Qf5+
27. Ka1 Qxf4 28. Qxf7 Qd2 29. Qf8+ Ne8 30. Qf3 Re1 31. Qf5+ Kb8 32. Rxe1 Qxe1+
33. Qb1 Qxb1+ 34. Kxb1 Kc7 35. Kc2 Kd6 36. Kd3 Ke5 37. Ke3 g5 38. f3 h5 39. g3
Nd6 40. f4+ gxf4+ 41. gxf4+ Kf5 42. Kf3 h4 43. b3 Ne4 44. c4 Nf6 45. b4 Nh5 46.
a4 Nxf4 47. b5 cxb5 48. axb5 b6 49. Kf2 Ke4 50. Kg1 Kd4 51. Kf2 Kxc4 52. Kf3 h3
53. Kg3 Kxb5 54. Kh2 Kc4 55. Kg3 b5 56. Kh2 b4 57. Kg3 b3 58. Kh2 b2 59. Kg3
b1=Q 60. Kh2 Qc2+ 61. Kg3 Qg2+ 62. Kxf4 h2 63. Ke5 h1=Q 64. Ke6 Qd5+ 65. Ke7
Qhe4+ 66. Kf8 Qd8+ 67. Kg7 Qde7+ 68. Kh6 Q4h4+ 69. Kg6 Qef6# {White checkmated}
0-1

[Event "Team 45 45 League T53"]
[Site "Internet Chess Club"]
[Date "2012.05.25"]
[Round "2"]
[White "kidviper"]
[Black "cys456"]
[Result "0-1"]
[WhiteElo "1940"]
[BlackElo "1743"]
[Opening "Sicilian: Labourdonnais-Löwenthal (Kalashnikov) variation"]
[ECO "B32"]
[Time "14:03:07"]
[TimeControl "2700+45"]

1. e4 c5 2. Nf3 Nc6 3. d4 cxd4 4. Nxd4 e5 5. Nb5 d6 6. N1c3 a6 7. Na3 b5 8. Nd5
Nge7 9. Be3 Nxd5 10. exd5 Ne7 11. c4 b4 12. Qa4+ Bd7 13. Qxb4 Nf5 14. Qd2 Rb8
15. Rb1 Nxe3 16. Qxe3 Be7 17. Bd3 Bg5 18. Qe2 Qa5+ 19. Kf1 O-O 20. h4 Be7 21. g4
f5 22. g5 g6 23. Kg2 Kg7 24. Qe1 Qc7 25. b4 f4 26. f3 Bf5 27. Be4 h6 28. gxh6+
Kxh6 29. Qe2 Qd7 30. b5 a5 31. Rh2 Bxe4 32. Qxe4 Qf5 33. Rbh1 Rf7 34. Nb1 Qxe4
35. fxe4 f3+ 36. Kf2 Bd8 37. Ke3 Bb6+ 38. Kd3 f2 39. Nd2 Rbf8 40. Rf1 Rf4 41.
Ke2 Kh5 42. a4 Rxh4 43. Rxh4+ Kxh4 44. Nf3+ Kg4 45. Nd2 Kf4 46. Rh1 g5 47. Rh3
g4 48. Rd3 Kg5 49. Nf1 Rc8 50. Ne3 Bxe3 51. Rxe3 Rf8 52. Kf1 Kh4 53. b6 g3 54.
Rxg3 Kxg3 55. b7 Rb8 56. c5 Rxb7 57. c6 Rb1+ 58. Ke2 f1=Q+ 59. Kd2 Qe1+ 60. Kc2
Qd1+ 61. Kc3 Rc1+ 62. Kb2 Qc2+ 63. Ka3 Ra1# {White checkmated} 0-1

[Event "Team 45 45 League T53"]
[Site "Internet Chess Club"]
[Date "2012.05.24"]
[Round "2"]
[White "zigzag2002"]
[Black "CHESS-CHAMPION"]
[Result "0-1"]
[WhiteElo "1822"]
[BlackElo "1887"]
[Opening "Sicilian: Alapin's variation (2.c3)"]
[ECO "B22"]
[Time "19:00:33"]
[TimeControl "2700+45"]

1. e4 c5 2. c3 Nf6 3. e5 Nd5 4. d4 cxd4 5. Nf3 Nc6 6. cxd4 g6 7. Bc4 Nb6 8. Bb3
Bg7 9. Nc3 O-O 10. O-O d6 11. exd6 Qxd6 12. d5 Na5 13. Ne4 Qd8 14. Be3 Nxb3 15.
Bxb6 Qxb6 16. axb3 Bxb2 17. Ra4 Bd7 18. Ra2 Bg7 19. Rd2 f5 20. Neg5 h6 21. Ne6
Bxe6 22. dxe6 Qxe6 23. Re1 Qf6 24. Rd7 e6 25. Rxb7 Rad8 26. Qe2 Rfe8 27. Rxa7 e5
28. Qc4+ Kh8 29. Rf7 Qd6 30. Ra7 e4 31. Qf7 Qf6 32. Nh4 Qxf7 33. Rxf7 Kg8 34.
Ra7 Re6 35. g3 Rd2 36. Rc1 Rd8 37. b4 Bd4 38. Rb7 e3 39. Nf3 e2 40. Kg2 Bb2 41.
Rc2 Bf6 42. Ne1 Kf8 43. Kf3 g5 44. b5 g4+ 45. Kf4 Rd5 46. Rb8+ Bd8 47. f3 Kf7
48. fxg4 Bg5+ 49. Kf3 Re3+ 50. Kf2 fxg4 51. Rxe2 Rf5+ 52. Nf3 Rxe2+ 53. Kxe2
gxf3+ 54. Kf2 Be3+ 55. Kf1 Rc5 56. Rb7+ Ke6 57. Rb6+ Kd5 58. Rc6 Rxb5 59. Rc1
Bxc1 60. Kf2 Ke4 61. h4 Be3+ 62. Ke1 Rb1# {White checkmated} 0-1

[Event "Team 45 45 League T53"]
[Site "Internet Chess Club"]
[Date "2012.06.03"]
[Round "2"]
[White "az2112"]
[Black "zap2"]
[Result "0-1"]
[WhiteElo "1656"]
[BlackElo "1825"]
[Opening "Caro-Kann: Steinitz variation"]
[ECO "B17"]
[Time "12:01:13"]
[TimeControl "2700+45"]

1. e4 c6 2. d4 d5 3. Nd2 dxe4 4. Nxe4 Nd7 5. Nf3 Ngf6 6. Ng3 e6 7. Bd3 Qc7 8.
O-O Bd6 9. Re1 O-O 10. Qe2 Nd5 11. Bxh7+ Kxh7 12. Ng5+ Kg8 13. Nxe6 fxe6 14.
Qxe6+ Rf7 15. Nf5 Bxh2+ 16. Kh1 N7f6 {White forfeits on time} 0-1

[Event "Team 45 45 League T53"]
[Site "Internet Chess Club"]
[Date "2012.05.27"]
[Round "2"]
[White "spongenotbob"]
[Black "werty"]
[Result "1-0"]
[WhiteElo "1756"]
[BlackElo "1513"]
[Opening "QGD: semi-Slav"]
[ECO "D31"]
[Time "04:00:14"]
[TimeControl "2700+45"]

1. d4 e6 2. c4 d5 3. Nc3 c6 4. Bf4 Nf6 5. e3 Nbd7 6. Nf3 Be7 7. Bd3 O-O 8. h3
dxc4 9. Bxc4 b5 10. Bd3 h6 11. O-O g5 12. Be5 Nxe5 13. Nxe5 Bb7 14. Ne4 c5 15.
Nxf6+ Bxf6 16. Bxb5 Qd5 17. Nf3 cxd4 18. Be2 dxe3 19. fxe3 Qxd1 20. Rfxd1 Rfd8
21. Nh2 Rxd1+ 22. Rxd1 Rd8 23. Rxd8+ Bxd8 24. Ng4 Kg7 25. Bf3 Ba6 26. b3 Bd3 27.
Ne5 Bb1 28. a3 f5 29. Kf2 Ba2 30. b4 Bb6 31. Nd7 Bc4 32. Nxb6 axb6 33. a4 Kf6
34. Bb7 Ke5 35. a5 bxa5 36. bxa5 Kd6 37. a6 Kc7 38. Kf3 e5 39. g4 Be6 40. gxf5
Bxf5 41. Be4 Bc8 42. a7 Bb7 43. a8=Q Bxa8 44. Bxa8 {Black resigns} 1-0

[Event "Team 45 45 League T53"]
[Site "Internet Chess Club"]
[Date "2012.05.28"]
[Round "2"]
[White "Sandia"]
[Black "drsigmund1"]
[Result "0-1"]
[WhiteElo "1325"]
[BlackElo "1536"]
[Opening "French: advance, Paulsen attack"]
[ECO "C02"]
[Time "21:00:05"]
[TimeControl "2700+45"]

1. e4 e6 2. d4 d5 3. e5 c5 4. c3 Nc6 5. Nf3 cxd4 6. cxd4 Nge7 7. Bd3 Nf5 8. Bxf5
exf5 9. Nc3 Be7 10. h4 Be6 11. O-O Bxh4 12. Nxh4 Qxh4 13. Qf3 Nxd4 14. Qh3 Qe7
15. Qg3 O-O-O 16. Bg5 f6 17. exf6 gxf6 18. Be3 Rdg8 19. Qf4 Rg4 20. Qh2 Rhg8 21.
Rfc1 Kd7 22. Bxd4 Rxg2+ 23. Qxg2 Rxg2+ 24. Kxg2 Qg7+ 25. Kf1 f4 26. Bxa7 Bh3+
27. Ke2 Qg4+ 28. Kd2 f3 29. Nxd5 Qg5+ 30. Ne3 Qa5+ 31. Kc2 Qxa7 32. Rd1+ Ke6 33.
Re1 Kf7 34. Rh1 Qc5+ 35. Kd2 Qd4+ 36. Ke1 Qxb2 37. Rd1 Qe2# {White checkmated}
0-1